 Dungeon Crawl Stone Soup version 0.31-a0-1139-gec03705108 (webtiles) character file.

Game seed: 9012954947605716387

2136 RuneEnjoyer the Basher (level 9, 63/63 HPs)
             Began as a Human Fighter on Dec 6, 2023.
             Was a Follower of Okawaru.
             Quit the game on level 7 of the Dungeon.
             The game lasted 00:10:30 (5844 turns).

RuneEnjoyer the Basher (Human Fighter)              Turns: 5844, Time: 00:10:30

Health: 63/63      AC:  7    Str: 26    XL:     9   Next: 55%
Magic:  9/9        EV: 14    Int:  9    God:    Okawaru [*.....]
Gold:   273        SH:  4    Dex: 12    Spells: 8/8 levels left

rFire   . . .        o - +6 hand axe "Lifebane" {heavy, Str+5}
rCold   . . .        c - +0 buckler
rNeg    . . .        b - +0 scale mail
rPois   .            (helmet restricted)
rElec   .            (no cloak)
rCorr   .            e - +0 pair of gloves
SInv    .            (no boots)
Will    .....        (no amulet) Stlth
                     k - +5 ring of evasion
HPRegen 0.30/turn    (no ring)
MPRegen 0.11/turn

%: no passive effects
@: no status effects
A: horns 1, mutation resistance 1, no potion heal 1
a: Renounce Religion, Heroism


You were on level 7 of the Dungeon.
You worshipped Okawaru.
Okawaru was aware of your devotion.
You visited 2 branches of the dungeon, and saw 8 of its levels.

You collected 273 gold pieces.

Inventory:

Hand Weapons
 a - a +0 flail
 o - the +6 hand axe "Lifebane" (weapon) {heavy, Str+5}
   (You found it on level 5 of the Dungeon)

   Str+5:     It affects your strength (+5).
 r - a +0 whip
Missiles
 m - 3 silver javelins (quivered)
Armour
 b - a +0 scale mail (worn)
 c - a +0 buckler (worn)
 e - a +0 pair of gloves (worn)
 l - a +2 helmet
Jewellery
 k - a +5 ring of evasion (left hand)
Scrolls
 p - a scroll of fog
 q - 4 scrolls of enchant armour
Potions
 d - a potion of enlightenment
 g - a potion of curing
 h - a potion of invisibility {unknown}
 i - a potion of brilliance {unknown}
 j - 2 potions of resistance {unknown}
 n - a potion of cancellation {unknown}
 s - a potion of degeneration {unknown}


   Skills:
 - Level 3.0 Fighting
 + Level 12.1 Maces & Flails
 - Level 3.0 Armour
 - Level 3.0 Shields


You had 8 spell levels left.
You didn't know any spells.
Your spell library was empty.

Dungeon Overview and Level Annotations

Branches:
Dungeon (7/15)             Temple (1/1) D:6

Altars:
Ashenzari
Cheibriados
Dithmenos
Elyvilon
Fedhas
Gozag
Hepliaklqana
Kikubaaqudgha
Makhleb
Nemelex Xobeh
Okawaru
Qazlal
Ru
Sif Muna
Trog
Uskayaw
Wu Jian
Xom
Yredelemnul
The Shining One

Shops:
D:2 [   D:4 *


Innate Abilities, Weirdness & Mutations

You have a pair of small horns on your head.
You are somewhat resistant to further mutation.
Potions are less effective at restoring your health.


Message History

The centaur hits you but does no damage.
You block the centaur's attack.
A red film seems to cover your vision as you go berserk!
You feel yourself moving faster!
You feel mighty!
You slash the centaur!
The centaur is heavily wounded.
The centaur misses you. The centaur barely misses you.
You block the centaur's attack.
The centaur kicks you but does no damage.
You slice the centaur!!
You kill the centaur!
Okawaru accepts your kill.
Things that are here:
a +0 orcbow; a centaur corpse You feel a strong urge to attack something.
You feel your anger nearly subside.
You are no longer berserk.
You are exhausted.
You feel yourself slow down.
You are unable to berserk.
You are slowed.
Your movement speed is very slow.
Your attack delay is about 2.1.
Your damage rating with the +6 hand axe "Lifebane" {heavy, Str+5} is about 26 (Base [7 + 5 (Hvy)] x 140% (Str) x 120% (Skill) + 6 (Ench)).
Your base attributes are Str 21, Int 9, Dex 12.
Your library has no spells.
You start resting.
You feel yourself speed up.
You start resting.
You recover from your berserk rage.
You start resting.
HP restored.
You feel extremely strange.
You feel a little more calm.
You no longer feel a hidden potential within.
Your system partially rejects the healing effects of potions.
A pair of horns grows on your head!
Your +2 helmet falls away!
You feel genetically stable.
Okay, then.
Okay, then.
Okay, then.
Are you sure you want to abandon this character and quit the game? (Confirm with "yes".)

#.#..#.# #.##...#
..###..# #.# .# #..##
#.# .. #...#####.#
#.#######........## #
.........[.####...#.#
..#######....# #..#.#
#@##.###....##
#.......)....#
####.###.##.###
#..##..>...#..
##............
##..[........
#............
#...[..........
###..........<.


There were no monsters in sight!

Vanquished Creatures
  Menkaure (D:6)
  3 black bears
  An orc warrior (D:6)
  2 ice beasts (D:7)
  A sky beast (D:7)
  An ogre (D:6)
  2 centaurs
  A phantom (D:5)
  A bullfrog (D:6)
  A gnoll sergeant (D:6)
  3 scorpions
  A howler monkey (D:6)
  5 hounds
  A gnoll bouda (D:6)
  3 orc priests (D:6)
  3 iguanas
  A sleepcap (D:5)
  8 orc wizards
  12 gnolls
  4 adders
  2 ufetubi (D:5)
  A worm (D:2)
  A dart slug (D:5)
  17 orcs
  8 ball pythons
  7 endoplasms
  2 giant cockroaches (D:2)
  4 goblins
  6 hobgoblins
  9 kobolds
  3 quokkas
  3 bats (D:2)
  3 frilled lizards
  7 rats
128 creatures vanquished.

Notes
Turn   | Place    | Note
-------+----------+-------------------------------------------
     0 | D:1      | RuneEnjoyer the Human Fighter began the quest for the Orb.
     0 | D:1      | Reached XP level 1. HP: 18/18 MP: 1/1
    65 | D:1      | Reached XP level 2. HP: 24/24 MP: 2/2
   316 | D:1      | Reached skill level 3 in Maces & Flails
   563 | D:2      | Reached XP level 3. HP: 29/29 MP: 3/3
  1057 | D:2      | Found Piklith's Antique Armour Boutique.
  1109 | D:3      | Found a faded altar of an unknown god.
  1121 | D:3      | Found a shadowy altar of Dithmenos.
  1183 | D:3      | Reached skill level 4 in Maces & Flails
  1183 | D:3      | Reached XP level 4. HP: 31/35 MP: 4/4
  1352 | D:3      | Reached XP level 5. HP: 27/41 MP: 5/5
  1457 | D:3      | Reached skill level 5 in Maces & Flails
  1919 | D:3      | Found a blossoming altar of Fedhas.
  2528 | D:4      | Noticed a black bear
  2539 | D:4      | HP: 1/41 [black bear (11)]
  2542 | D:4      | Killed a black bear
  2543 | D:4      | Reached skill level 6 in Maces & Flails
  2543 | D:4      | Reached XP level 6. HP: 36/47 MP: 6/6
  2603 | D:4      | Noticed a black bear
  2604 | D:4      | Found Quido's General Store.
  2610 | D:4      | Killed a black bear
  2833 | D:5      | Entered Level 5 of the Dungeon
  2984 | D:5      | Reached skill level 7 in Maces & Flails
  2984 | D:5      | Reached XP level 7. HP: 20/52 MP: 7/7
  3119 | D:5      | Identified the +6 hand axe "Lifebane" {heavy, Str+5}
  3331 | D:5      | Reached skill level 8 in Maces & Flails
  3616 | D:5      | Reached XP level 8. HP: 45/58 MP: 8/8
  3896 | D:6      | Reached skill level 9 in Maces & Flails
  4260 | D:6      | Found an ornate altar of the Wu Jian Council.
  4260 | D:6      | Found a shimmering blue altar of Sif Muna.
  4263 | D:6      | Found a staircase to the Ecumenical Temple.
  4264 | D:6      | Found a sparkling altar of Nemelex Xobeh.
  4278 | Temple   | Entered the Ecumenical Temple
  4305 | Temple   | Became a worshipper of Warmaster Okawaru
  4354 | D:6      | Noticed Menkaure
  4592 | D:5      | Reached skill level 10 in Maces & Flails
  4839 | D:6      | Killed Menkaure
  4840 | D:6      | Reached XP level 9. HP: 33/63 MP: 9/9
  5023 | D:6      | Reached skill level 11 in Maces & Flails
  5153 | D:6      | Reached * piety under Okawaru
  5677 | D:7      | Reached skill level 12 in Maces & Flails
  5680 | D:7      | HP: 1/63 [centaur/arrow (4)]
  5681 | D:7      | Gained mutation: You have hidden genetic potential. [potion
                  | of mutation]
  5681 | D:7      | Gained mutation: You sometimes lose your temper in combat.
                  | [potion of mutation]
  5841 | D:7      | Lost mutation: You sometimes lose your temper in combat.
                  | [potion of mutation]
  5841 | D:7      | Lost mutation: You have hidden genetic potential. [potion
                  | of mutation]
  5841 | D:7      | Gained mutation: Potions are less effective at restoring
                  | your health. [potion of mutation]
  5841 | D:7      | Gained mutation: You have a pair of small horns on your
                  | head. [potion of mutation]
  5841 | D:7      | Gained mutation: You are somewhat resistant to further
                  | mutation. [potion of mutation]
  5844 | D:7      | Quit the game

Illustrated notes

Levels and vault maps discovered:
D:1:      orjb1_lava_funnel, layout_rooms, nrook_campfire
D:2:      layout_basic, serial_shops, nicolae_shop_hallway_stairs
D:3:      layout_basic, lemuel_doored_altar,
          mainiacjoe_overflow_six_doors_small,
          dreamdust_ecumenical_altar_statues
D:4:      layout_gridville, serial_shops, nicolae_shop_waterfront
D:5:      layout_basic
D:6:      minmay_evil_eye, layout_cave_pools,
          chequers_temple_overflow_statue_of_worship, minmay_temple_entry_glass,
          uniq_menkaure
D:7:      layout_rooms, nicolae_evil_shop
Temple:   regret_index_temple_generic_petals

Skill      XL: |  1  2  3  4  5  6  7  8  9 |
---------------+----------------------------+-----
Maces & Flails | 3 4 6 7 8 10 12 | 12.1
Fighting       | |  3.0
Armour         | |  3.0
Shields        | |  3.0

Action                     |  1- 3 |  4- 6 |  7- 9 || total
---------------------------+-------+-------+-------++-------
  Melee: Flail             |   124 |   127 |       ||   251
         Hand axe          |       |       |   151 ||   151
    Use: Scroll            |     4 |     3 |     4 ||    11
         Potion            |       |     3 |     3 ||     6
 Armour: Scale mail        |    90 |   110 |   157 ||   357
  Dodge: Dodged            |    59 |    77 |   154 ||   290
  Block: Buckler           |    27 |    20 |    52 ||    99

Table legend: (Time is in decaauts)
 A = Elapsed time spent in this place.
 B = Non-inter-level travel time spent in this place.
 C = Inter-level travel time spent in this place.
 D = Time resting spent in this place.
 E = Time spent auto-exploring this place.
 F = Levels seen in this place.
 G = Mean time per level.
                   A        B        C        D        E       F      G
               +--------+--------+--------+--------+--------+-----+--------+
         Total |   6001 |   5725 |    276 |   1275 |   3050 |   8 |  750.1 |
       Dungeon |   5948 |   5672 |    276 |   1275 |   3050 |   7 |  849.7 |
        Temple |     52 |     52 |      0 |      0 |      0 |   1 |   52.0 |
               +--------+--------+--------+--------+--------+-----+--------+

Top non-repeatable levels by time:
     D:5: 1448 daAuts
     D:6: 1249 daAuts
     D:3: 1025 daAuts
     D:4: 720 daAuts
     D:2: 718 daAuts
     D:1: 422 daAuts
     D:7: 364 daAuts
  Temple: 52 daAuts
